Map: Jagannatha LE

Players

WaEsOpH

  • Race: Zerg Zerg
  • League: Grandmaster
  • Spawn Location: 1:00

A.I. 1 (Very Easy) - Winner!

  • Race: Terran Terran
  • Spawn Location: 7:00

VOD

Have the link to the VOD?

Description

Time

  • Played on: Feb. 10, 2021, 11:31 p.m.
  • Length: 7:20
Show
View Real Time Build Order
Export as new Build Order

WaEsOpH Zerg 

Build Orders: Hatch First, Muta Ling Bane 

Get SALT Encoding   

  12  0:00  Drone  
  13  0:13  Overlord  
  13  0:16  Drone  
  14  0:31  Drone x2  
  16  0:49  Hatchery  
  15  0:52  Drone  
  15  0:56  Drone  
  17  1:00  Drone  
  18  1:10  Extractor  
  17  1:15  Spawning Pool  
  16  1:20  Drone  
  16  1:22  Drone  
  18  1:29  Drone  
  19  1:39  Drone  
  20  1:50  Drone  
  21  2:00  Overlord  
  21  2:02  Queen x2  
  21  2:03  Zergling x2  
  26  2:11  Drone  
  26  2:12  Zergling x2  
  26  2:15  Metabolic Boost  
  28  2:23  Drone x2  
  30  2:33  Drone  
  30  2:34  Drone  
  32  2:38  Queen  
  32  2:39  Queen  
  36  2:45  Overlord  
  36  2:48  Overlord  
  36  3:05  Drone x4  
  37  3:11  Drone x2  
  42  3:18  Hatchery  
  42  3:19  Drone x2  
  43  3:20  Drone  
  43  3:25  Drone x2  
  46  3:30  Queen  
  48  3:36  Lair  
  48  3:39  Overlord  
  48  3:43  Extractor  
  48  3:44  Extractor x2  
  48  3:45  Drone  
  48  3:46  Drone  
  48  3:48  Drone  
  48  3:52  Drone x2  
  50  3:57  Baneling Nest  
  50  3:59  Drone x2  
  51  4:03  Drone x2  
  53  4:12  Drone x2  
  53  4:13  Drone  
  56  4:17  Drone  
  56  4:19  Drone  
  56  4:22  Overlord  
  56  4:23  Drone x2  
  60  4:37  Spire, Spore Crawler x2, Overseer  
  60  4:40  Zergling x4  
  60  4:41  Zergling x2  
  60  4:44  Zergling x2  
  60  4:45  Zergling x2  
  62  4:48  Zergling x2  
  62  4:49  Zergling x2  
  62  4:51  Zergling x4  
  66  4:56  Overlord  
  66  4:58  Overseer  
  66  5:01  Centrifical Hooks  
  66  5:03  Drone  
  67  5:10  Drone  
  67  5:11  Drone x2  
  67  5:12  Drone  
  71  5:14  Drone  
  71  5:16  Spore Crawler  
  71  5:18  Overlord  
  71  5:21  Overlord  
  71  5:48  Mutalisk x6  
  83  5:51  Mutalisk  
  83  5:54  Overlord  
  83  5:55  Zergling x12  
  91  6:00  Overlord, Mutalisk  
  93  6:06  Zergling x2  
  93  6:07  Zergling x6  
  93  6:10  Overlord  
  97  6:15  Zergling x8  
  97  6:18  Baneling x5  
  101  6:20  Baneling x3  
  101  6:24  Zergling x2  
  101  6:25  Zergling x2  
  103  6:33  Zergling x12  
  103  6:38  Overlord  
  109  6:40  Zergling x8  
  109  6:42  Baneling x2  
  109  6:46  Baneling x5  
  113  6:47  Baneling x2  
  113  6:48  Baneling  
  113  6:49  Baneling  
  113  6:50  Zergling x2  
  113  6:52  Baneling x3  
  114  7:00  Baneling x3  
  114  7:01  Zergling x8  
  114  7:02  Zergling x2  
Show
View Real Time Build Order
Export as new Build Order

A.I. 1 (Very Easy) Terran - Winner!

Build Orders: Reaper Expand 

Get SALT Encoding   

  12  0:00  SCV  
  13  0:13  SCV  
  14  0:19  Supply Depot  
  14  0:46  Barracks  
  14  1:06  Command Center  
  14  1:30  Supply Depot  
  14  1:34  Orbital Command  
  14  1:35  Marine  
  14  1:37  Refinery  
  15  1:50  Refinery  
  15  2:00  SCV  
  16  2:12  SCV  
  17  2:18  Reaper  
  17  2:19  SCV  
  19  2:26  SCV  
  20  2:33  SCV  
  21  2:40  SCV  
  22  2:47  SCV  
  22  2:49  Refinery  
  23  2:54  SCV  
  23  2:57  Marine  
  25  3:02  SCV  
  26  3:09  SCV  
  27  3:16  SCV  
  28  3:22  Factory  
  28  3:23  SCV  
  29  3:31  SCV  
  30  3:37  Marine  
  31  3:41  SCV  
  32  3:48  SCV  
  32  3:51  Supply Depot  
  33  3:56  SCV  
  34  4:03  SCV  
  34  4:07  Starport  
  35  4:10  SCV  
  36  4:18  Barracks Tech Lab, SCV  
  37  4:25  SCV, Refinery  
  37  4:28  Supply Depot  
  38  4:32  SCV  
  38  4:36  Reaper  
  38  4:39  SCV  
  41  4:46  Starport Tech Lab, SCV  
  42  4:54  SCV  
  43  5:01  SCV  
  43  5:04  Raven  
  46  5:08  SCV  
  47  5:16  Marine  
  48  5:30  SCV  
  48  5:47  Raven  
  50  5:56  Marine  
  51  6:12  SCV  
  48  6:36  Marauder  
  44  7:00  SCV  
  44  7:13  Supply Depot  
Tags
 
Add a new tag
Caveats
  • Supply blocks, unpowered buildings, or Contaminate may cause inaccurate times.
  • Supply counts are checked every 10 seconds.